 Dungeon Crawl Stone Soup version 0.28.0 (webtiles) character file.

Game seed: 12964981882531926024

2 Nothus the Grave Robber (level 1, -3/13 HPs)
             Began as a Vampire Necromancer on Feb 27, 2022.
             Slain by a quokka (4 damage)
             ... on level 1 of the Dungeon.
             The game lasted 00:00:48 (93 turns).

Nothus the Grave Robber (Vampire Necromancer)         Turns: 93, Time: 00:00:48

Health: -3/13      AC:  2    Str:  7    XL:     1   Next: 25%
Magic:  2/3        EV: 12    Int: 17    God:
Gold:   0          SH:  0    Dex: 14    Spells: 2/4 levels left

rFire   . . .      SeeInvis +   (no weapon)
rCold   . . .      Faith    .   (no shield)
rNeg    . . .      Spirit   .   a - +0 robe
rPois   .          Reflect  .   (no helmet)
rElec   .          Harm     .   (no cloak)
rCorr   .          Rampage  .   (no gloves)
Will    .....                   (no boots)
Stlth   ++........              (no amulet)
HPRegen 0.24/turn               (no ring)
MPRegen 0.08/turn               (no ring)

@: healing quickly
A: alive, fangs 3, see invisible, vampiric 1
a: Exsanguinate


You were on level 1 of the Dungeon.
You visited 1 branch of the dungeon, and saw 1 of its levels.

Inventory:

Armour
 a - a +0 robe (worn)
Potions
 b - a potion of mutation {unknown}


   Skills:
 - Level 2.1 Dodging
 + Level 3.1 Stealth
 - Level 2.0 Spellcasting
 + Level 4.4 Necromancy


You had 2 spell levels left.
You knew the following spells:

 Your Spells              Type           Power      Damage    Failure   Level
a - Pain                  Necr           64%        1d7       3%          1
b - Animate Skeleton      Necr           32%        N/A       3%          1

Your spell library contained the following spells:

 Spells                   Type           Power      Damage    Failure   Level
 Vampiric Draining        Necr           16%        2d7       10%         3
 Animate Dead             Necr           8%         N/A       30%         4
 Agony                    Necr           16%        N/A       65%         5


Dungeon Overview and Level Annotations

Branches:
Dungeon (1/15)

Altars:


Innate Abilities, Weirdness & Mutations

Your natural rate of healing is accelerated.
You have razor-sharp teeth.
You have supernaturally acute eyesight. (SInv)
You are afflicted with vampirism.


Message History

The dead are walking!
The ball python barely misses your goblin skeleton.
The ball python grabs your goblin skeleton.
The ball python constricts your goblin skeleton.
Your goblin skeleton hits the ball python with a +0 club.
The ball python loses its grip on your goblin skeleton.
The ball python closely misses you. The ball python grabs you.
The ball python constricts you.
Your goblin skeleton barely misses the ball python.
You hit the ball python.
You kill the ball python!
b - a glowing emerald potion A quokka comes into view.
The helpless quokka fails to defend itself.
You hit the quokka but do no damage. The quokka closely misses you.
The quokka bites you.
You closely miss the quokka. The quokka bites you.
You hit the quokka but do no damage. Your bite misses the quokka.
The quokka completely misses you.
You completely miss the quokka. The quokka bites you.
Your goblin skeleton closely misses the quokka.
You hit the quokka but do no damage. The quokka bites you.
Your goblin skeleton hits the quokka with a +0 club.
You closely miss the quokka.
The quokka is almost dead.
The quokka closely misses you. The quokka bites you.
* * * LOW HITPOINT WARNING * * *
Your goblin skeleton hits the quokka but does no damage.
You closely miss the quokka. Your bite misses the quokka.
The quokka is severely wounded.
The quokka bites you.
* * * LOW HITPOINT WARNING * * *
Your goblin skeleton closely misses the quokka.
Casting: Animate Skeleton (safe; 3% risk of failure)
Confirm with . or Enter, or press ? or * to list all spells.
Aiming: Pain (safe; 3% risk of failure)
Press: ? - help, Shift-Dir - straight line, f - quokka
Aim: a quokka (heavily wounded, ally target, chance to affect: 86%)
The quokka writhes in agony.
The quokka bites you.
You die...

#≈≈≈≈≈#### #≈≈#≈≈§§≈
.. ##≈≈≈≈≈≈§ .#
##≈≈≈≈§#≈ .#
###≈≈≈§§§§ .# #
###≈§§≈ .#
########## .#
.........#########.#
................@r.#
..............##.Z.#
..............##...#
..............##...#
.........##...##...#
#.#########...######
#.# #...# #.# #...#
#.# #...#


You could see a quokka (ally target) and a friendly goblin skeleton.

Vanquished Creatures
  A goblin (D:1)
  A ball python (D:1)
2 creatures vanquished.

Notes
Turn   | Place    | Note
-------+----------+-------------------------------------------
     0 | D:1      | Nothus the Vampire Necromancer began the quest for the Orb.
     0 | D:1      | Reached XP level 1. HP: 13/13 MP: 3/3
    27 | D:1      | Learned a level 1 spell: Animate Skeleton
    93 | D:1      | Slain by a quokka

Illustrated notes

Levels and vault maps discovered:
D:1:      lightli_molten_gateway, layout_basic,
          dilly_ecumenical_altar_fadedgnrine, minmay_pentomino_w2

Action                   || total
-------------------------++-------
Melee: Unarmed           ||     8
 Cast: Pain              ||     3
       Animate Skeleton  ||     1
 Stab: Sleeping          ||     1
Dodge: Dodged            ||     4
